 Dungeon Crawl Stone Soup version 0.20-a0-893-g832831a (webtiles) character file.

64 graki42 the Firebug (level 3, 0/19 HPs)
             Began as a Deep Elf Fire Elementalist on Mar 17, 2017.
             Slain by an adder (4 damage)
             ... on level 3 of the Dungeon.
             The game lasted 00:04:18 (1747 turns).

graki42 the Firebug (Deep Elf Fire Elementalist)    Turns: 1747, Time: 00:04:19

Health: 0/19       AC:  6    Str:  6    XL:     3   Next: 91%
Magic:  1/10       EV: 12    Int: 19    God:
Gold:   96         SH:  0    Dex: 15    Spells: 3/10 levels left

rFire    . . .     SeeInvis .   s - staff of poison
rCold    . . .     Gourm    .   n - +3 leather armour
rNeg     . . .     Faith    .   (no shield)
rPois    +         Spirit   .   (no helmet)
rElec    .         Reflect  .   (no cloak)
rCorr    .         Harm     .   (no gloves)
MR       .....                  (no boots)
Stlth    ++........             (no amulet)
Regen    0.1/turn               (no ring)
MPRegen  0.2/turn               (no ring)

@: very slightly contaminated
A: no striking features
a: no special abilities


You were on level 3 of the Dungeon.
You were not hungry.

You visited 1 branch of the dungeon, and saw 3 of its levels.

You collected 96 gold pieces.

Inventory:

Missiles
 g - a throwing net (quivered)
Armour
 n - a +3 leather armour (worn)
Magical Staves
 s - an uncursed staff of poison (weapon)
Scrolls
 d - 2 scrolls of blinking {unknown}
 e - 2 scrolls of fog {unknown}
 i - 2 scrolls of remove curse {unknown}
 j - 2 scrolls of teleportation {unknown}
 l - a scroll of random uselessness {unknown}
 p - a scroll of magic mapping {unknown}
 t - a scroll of amnesia {unknown}
Potions
 a - 2 potions of flight {unknown}
 h - a potion of mutation {unknown}
 k - 2 potions of curing {unknown}
 o - a potion of cancellation {unknown}
 q - a potion of haste {unknown}
 r - a potion of resistance {unknown}
 u - a potion of lignification {unknown}
Books
 b - a book of Flames

   Spells                             Type                      Level
   a - Flame Tongue                   Conjuration/Fire             1
   b - Throw Flame                    Conjuration/Fire             2
   c - Conjure Flame                  Conjuration/Fire             3
   d - Inner Flame                    Hexes/Fire                   3
   e - Sticky Flame                   Conjuration/Fire             4
   f - Fireball                       Conjuration/Fire             5
Comestibles
 c - a bread ration
 f - 2 fruits
 m - a royal jelly


   Skills:
 + Level 0.1 Armour
 + Level 2.7 Dodging
 + Level 2.4 Stealth
 + Level 4.0 Spellcasting
 + Level 2.0 Conjurations
 + Level 4.2 Fire Magic


You had 3 spell levels left.
You knew the following spells:

 Your Spells              Type           Power        Failure   Level  Hunger
a - Flame Tongue          Conj/Fire      ###..        8%          1    None
b - Conjure Flame         Conj/Fire      ###.....     21%         3    ###....
c - Inner Flame           Hex/Fire       ##......     28%         3    ###....


Dungeon Overview and Level Annotations

Branches:
Dungeon (3/15)

Altars:

Annotations:
D:2 Sigmund


Message History

You kill the hobgoblin!
Your Spellcasting skill increases to level 4!
Casting: Flame Tongue
Confirm with . or Enter, or press ? or * to list all spells.
Aiming: Flame Tongue
Press: ? - help, Shift-Dir - straight line, f - adder
Aim: an adder The flame tongue hits the adder.
The adder is lightly wounded.
The adder bites you.
* * * LOW HITPOINT WARNING * * *
Casting: Flame Tongue
Confirm with . or Enter, or press ? or * to list all spells.
Aiming: Flame Tongue
Press: ? - help, Shift-Dir - straight line, f/p - adder
Aim: an adder (lightly wounded)
The flame tongue hits the adder.
The adder is almost dead.
The adder bites you.
You die...

#####.#.####.....#..†.......#
#...........##.##.#######
###.##...#.##...#.#
#.##............#
#......#.##...###
########.###### #.# #.# #@#
#S# #....# ...#....# .....
##.# ##....# ....(. #...###
##.##


You could see an adder.

Vanquished Creatures
  An adder (D:2)
  An ooze (D:2)
  4 worms
  4 dart slugs (D:1)
  A leopard gecko (D:1)
  3 bats
  3 giant cockroaches (D:1)
  3 goblins (D:1)
  2 hobgoblins
  2 kobolds (D:1)
  5 frilled lizards
  2 rats
31 creatures vanquished.

Notes
Turn   | Place    | Note
-------+----------+-------------------------------------------
     0 | D:1      | graki42 the Deep Elf Fire Elementalist began the quest for the Orb.
     0 | D:1      | Reached XP level 1. HP: 10/10 MP: 6/6
   300 | D:1      | Reached XP level 2. HP: 15/15 MP: 6/8
   913 | D:1      | Reached XP level 3. HP: 19/19 MP: 7/10
  1369 | D:2      | Noticed Sigmund
  1719 | D:3      | Learned a level 3 spell: Conjure Flame
  1723 | D:3      | Learned a level 3 spell: Inner Flame
  1747 | D:3      | Slain by an adder

Vault maps used:
D:1:      kilobyte_arrival_exit_the_forest, serial_co_window_serial,
          co_window_paths_b, co_window_corner_a, co_window_of_opportunity_a,
          co_window_cross_1, co_window_of_opportunity_a,
          co_window_of_opportunity_a, co_window_paths_b, co_window_broadway_c,
          co_window_broadway_b, co_window_paths_c, co_window_broadway_a,
          co_window_corner_b, co_window_paths_d, glass_columns_b,
          glass_columns_a, glass_columns_a, glass_columns_b, glass_columns_a
D:2:      roderic_serpentine_path, uniq_sigmund
D:3:      makhleb_altar_promises_db

Skill      XL: |  1  2  3 |
---------------+----------+-----
Fire Magic     | 4 |  4.2
Conjurations   | 2 |  2.0
Spellcasting   | 4 |  4.0
Armour         | |  0.1
Dodging        | |  2.7
Stealth        | |  2.4

Action                   || total
-------------------------++-------
 Cast: Flame Tongue      ||    78
  Eat: Chunk             ||     2
Armor: Leather armour    ||     5
Dodge: Dodged            ||    15
